 Dungeon Crawl Stone Soup version 0.31.0-11-ge490571c62 (webtiles) character file.

Game seed: 10124256435198525784

122 qw the Ducker (level 4, 0/22 HPs)
             Began as a Spriggan Hunter on Feb 4, 2024.
             Incinerated by a bombardier beetle (5 damage)
             ... with a burning spray
             ... on level 3 of the Dungeon.
             The game lasted 00:00:07 (1678 turns).

qw the Ducker (Spriggan Hunter)                     Turns: 1678, Time: 00:00:08

Health: 0/22       AC:  2    Str:  7    XL:     4   Next: 78%
Magic:  5/5        EV: 20    Int: 10    God:
Gold:   132        SH:  0    Dex: 20    Spells: 3/3 levels left

rFire   . . .        a - +0 shortbow
rCold   . . .        (shield currently unavailable)
rNeg    . . .        c - +0 robe
rPois   .            (helmet restricted)
rElec   .            (no cloak)
rCorr   .            (gloves unavailable)
SInv    +            (boots unavailable)
Will    .....        (no amulet)
Stlth   +            (no ring)
HPRegen 0.23/turn    (no ring)
MPRegen 0.09/turn

%: no passive effects
@: on fire, glowing, very quick
A: very small, no large weapons, unfitting armour, see invisible, speed 3
a: no special abilities


You were on level 3 of the Dungeon.
You visited 1 branch of the dungeon, and saw 3 of its levels.

You collected 132 gold pieces.


Innate Abilities, Weirdness & Mutations

You are very small and have problems with some larger weapons.
You are too small for most types of armour.
You have supernaturally acute eyesight. (SInv)
You cover ground extremely quickly. (Speed+++)


   Skills:
 + Level 1.5 Fighting
 - Level 5.0 Ranged Weapons
 - Level 5.3 Dodging
 - Level 1.5 Stealth


You had 3 spell levels left.
You didn't know any spells.
Your spell library was empty.

Inventory:

Hand Weapons
 a - a +0 shortbow (weapon)
Armour
 c - a +0 robe (worn)
Scrolls
 d - a scroll of teleportation
Potions
 b - a potion of cancellation {unknown}
 e - a potion of curing
 f - a potion of degeneration {unknown}
 g - a potion of heal wounds
 h - a potion of mutation {unknown}

Dungeon Overview and Level Annotations

Branches:
Dungeon (3/15)

Altars:


Message History

You kill the adder!
b - a smoky green potion
Found a robe.
Found an escape hatch in the ceiling.
You see here a +0 robe.
A bombardier beetle comes into view.
Found 2 golden potions.
You shoot an arrow. The arrow hits the bombardier beetle.
The bombardier beetle is moderately wounded.
You shoot an arrow.
The arrow hits the bombardier beetle but does no damage.
The bombardier beetle is moderately wounded.
You shoot an arrow.
The arrow hits the bombardier beetle but does no damage.
The bombardier beetle is moderately wounded.
You shoot an arrow.
The arrow hits the bombardier beetle but does no damage.
The bombardier beetle is moderately wounded.
The bombardier beetle completely misses you.
You shoot an arrow.
The arrow hits the bombardier beetle but does no damage.
The bombardier beetle is moderately wounded.
You shoot an arrow. The arrow hits the bombardier beetle!
The bombardier beetle is severely wounded.
The bombardier beetle sprays incendiary fluid at you.
The burning spray hits you.
You are covered in liquid fire!
You shoot an arrow. The arrow hits the bombardier beetle.
You kill the bombardier beetle!
The liquid fire burns you!
Your Dodging skill increases to level 5!
You are on fire!
The liquid fire burns you!
You are on fire!
The liquid fire burns you!
You are on fire!
The liquid fire burns you!
You are on fire!
The liquid fire burns you!
You die...

########### #......<..#
######### ##.#######.#
..!...%.#####...######.#
#@#...............
######.#.###...#####...
#.......[.........###...
#.#####...####..#.......
#...# #..#####... #...#
#..#####... #...#
#......%... #...#
##.#####.## ....#
#.#####.#.


There were no monsters in sight!

Vanquished Creatures
  A bombardier beetle (D:3)
  3 adders
  3 ribbon worms (D:2)
  8 endoplasms
  A giant cockroach (D:2)
  3 hobgoblins
  4 jackals (D:2)
  A quokka (D:1)
  6 ball pythons
  4 bats
  5 frilled lizards
  8 goblins
  4 kobolds
  9 rats
60 creatures vanquished.

Notes
Turn   | Place    | Note
-------+----------+-------------------------------------------
     0 | D:1      | qw the Spriggan Hunter began the quest for the Orb.
     0 | D:1      | Reached XP level 1. HP: 10/10 MP: 2/2
     0 | D:1      | 0 ||| qw: Version: 0.3-a-160-g6735b56
     0 | D:1      | 0 ||| qw: Game counter: 5456
     0 | D:1      | 0 ||| qw: Melee chars always use a shield: true
     0 | D:1      | 0 ||| qw: God list: Okawaru
     0 | D:1      | 0 ||| qw: Allow faded altars: false
     0 | D:1      | 0 ||| qw: Do Orc after clearing Dungeon:15 true
     0 | D:1      | 0 ||| qw: Do second Lair branch before Depths: true
     0 | D:1      | 0 ||| qw: Lair rune preference: random
     0 | D:1      | 0 ||| qw: Goals: Normal
     0 | D:1      | 0 ||| PLANNING D:1-11
    13 | D:1      | Reached skill level 3 in Dodging
   119 | D:1      | Reached XP level 2. HP: 14/14 MP: 3/3
   643 | D:1      | 643 ||| READING 2 scrolls labelled ZUALAI MOTERYLA.
   647 | D:1      | 647 ||| DRINKING 2 fuming dark potions.
   648 | D:1      | 648 ||| DRINKING 2 pink potions.
   649 | D:1      | 649 ||| DROPPING scroll of butterflies.
   766 | D:2      | 766 ||| READING scroll labelled LAMIOMM QUKO.
   766 | D:2      | 766 ||| IDENTIFYING lumpy brown potion
   775 | D:2      | 775 ||| READING scroll labelled LYGARU SODE.
   776 | D:2      | 776 ||| DROPPING potion of lignification.
   783 | D:2      | Reached XP level 3. HP: 18/18 MP: 4/4
  1254 | D:2      | Reached XP level 4. HP: 22/22 MP: 5/5
  1454 | D:2      | 1454 ||| READING scroll of identify.
  1454 | D:2      | 1454 ||| IDENTIFYING fizzy golden potion
  1455 | D:2      | 1455 ||| READING scroll labelled MOYKUE XAETO.
  1456 | D:2      | 1456 ||| DROPPING potion of magic.
  1677 | D:3      | HP: 5/22 [burnt (5)]
  1678 | D:3      | Incinerated by a bombardier beetle

Levels and vault maps discovered:
D:1:      elethiomel_arrival_diamonds, layout_loops_ring
D:2:      layout_loops_corners, serial_glass, glass_columns_a, glass_columns_a,
          glass_columns_b, glass_columns_b, glass_columns_b, glass_columns_a,
          glass_columns_c, glass_columns_a, grunt_ministairs_3,
          nicolae_wormholes
D:3:      layout_loops_ring, mainiacjoe_overflow_alcove_4,
          ebering_ecumenical_altar_hall, uniq_ijyb

Skill      XL: |  1  2  3  4 |
---------------+-------------+-----
Dodging        | 3 4 5 |  5.3
Ranged Weapons | 5 |  5.0
Fighting       | |  1.5
Stealth        | |  1.5

Action                     |  1- 3 |  4- 6 || total
---------------------------+-------+-------++-------
   Fire: Shortbow          |   125 |    33 ||   158
    Use: Scroll            |     3 |     2 ||     5
         Potion            |     2 |       ||     2
 Armour: Robe              |     7 |     3 ||    10
  Dodge: Dodged            |    27 |    18 ||    45

Table legend:
 A = Non-vault XP
 B = Vault XP
 C = Vault XP percentage of total XP
 D = Non-vault monster count
 E = Vault monster count
 F = Vault count percentage of total count
                 A         B        C        D         E       F
            +---------+---------+-------+---------+---------+-------
      Total |     153 |      22 |  12.6 |      49 |      11 |  18.3
            +---------+---------+-------+---------+---------+-------
        D:1 |      27 |       7 |  20.6 |      17 |       7 |  29.2
        D:2 |      70 |      15 |  17.6 |      29 |       4 |  12.1
        D:3 |      56 |       0 |   0.0 |       3 |       0 |   0.0
            +---------+---------+-------+---------+---------+-------
